Map: Prion Terraces

Players

Miltreta

  • Race: Terran Terran

A.I. 1 (Medium) - Winner!

  • Race: Terran Terran

VOD

Have the link to the VOD?

Description

Time

  • Played on: March 9, 2016, 5:50 a.m.
  • Length: 24:20
Show
View Real Time Build Order
Export as new Build Order

Miltreta Terran 

Build Orders: Bio Mech 

Get SALT Encoding   

  12  0:01  SCV  
  13  0:13  SCV  
  14  0:21  Supply Depot  
  14  0:25  SCV  
  15  0:41  Refinery  
  15  0:43  SCV  
  15  0:47  Barracks  
  16  0:55  SCV  
  17  1:11  SCV  
  18  1:27  Barracks  
  19  1:34  Orbital Command  
  19  1:39  Marine  
  19  1:48  Refinery  
  19  1:57  Marine  
  20  2:16  Barracks Tech Lab  
  20  2:19  Marine  
  20  2:21  SCV  
  22  2:33  SCV  
  23  2:43  Supply Depot  
  23  2:51  Supply Depot  
  23  2:58  Supply Depot  
  23  3:04  Marine  
  24  3:08  Command Center  
  24  3:18  Factory  
  24  3:23  Engineering Bay  
  24  3:33  Bunker  
  24  4:14  Refinery  
  24  4:17  SCV  
  25  4:26  SCV  
  25  4:29  SCV  
  27  4:38  SCV  
  27  4:41  SCV  
  29  4:46  Factory Tech Lab  
  29  4:51  SCV  
  29  4:52  Combat Shields  
  30  4:55  Barracks Tech Lab  
  30  4:57  Marauder  
  32  5:03  SCV  
  33  5:11  Siege Tank, Barracks  
  36  5:18  Marauder  
  36  5:20  Mag-Field Accelerator  
  38  5:40  Marauder  
  40  5:43  Siege Tank  
  41  6:11  Stimpack  
  41  6:36  SCV  
  42  6:48  Hi-Sec Auto Tracking, SCV  
  42  6:49  Sensor Tower  
  43  6:54  Marauder  
  43  6:57  Marauder  
  43  7:00  Barracks Reactor, SCV  
  42  7:05  Hellion  
  44  7:09  Infernal Pre-Igniter  
  44  7:16  Marauder  
  44  7:18  Marauder  
  48  7:27  Hellion  
  50  7:37  Marauder  
  50  7:40  Marauder  
  54  7:48  Hellion  
  50  7:59  Marauder  
  50  8:01  Marauder  
  54  8:10  Hellion  
  54  8:11  Command Center  
  54  8:12  Concussive Shells  
  56  8:15  Starport  
  56  8:20  Marauder  
  56  8:23  Refinery, Marauder  
  60  8:31  Hellion  
  62  8:37  Armory  
  62  8:50  Reaper x3  
  62  8:51  Reaper  
  66  8:59  Planetary Fortress  
  66  9:22  Reaper x3  
  69  9:45  Planetary Fortress  
  56  11:04  Starport Reactor  
  56  11:12  Thor  
  62  11:40  Marine x4  
  66  11:48  Supply Depot  
  66  11:55  Thor  
  66  11:57  Supply Depot  
  66  11:58  Marine x4  
  76  12:15  Marine, Refinery  
  76  12:16  SCV, Marine x3  
  81  12:28  SCV  
  82  12:33  Marine x2  
  82  12:34  Marine x2  
  86  12:38  Thor  
  86  12:40  SCV  
  93  12:46  Medivac x2  
  97  12:51  Marine  
  97  12:52  SCV, Marine  
  100  13:04  SCV  
  90  13:16  Medivac x2  
  93  13:46  Medivac x2  
  97  13:55  Reaper x4  
  82  14:27  Reaper x3  
  82  14:28  Reaper  
  86  15:33  Marauder x2  
  90  15:37  Command Center, Siege Tank  
  93  15:45  Marine  
  93  15:46  Marine  
  95  15:54  Marauder x2  
  99  16:03  Marine x2  
  101  16:15  Command Center  
  101  16:34  Marauder  
  101  16:35  Marine x2  
  101  16:36  Marauder  
  101  16:38  Siege Tank  
  77  16:53  Marine x2  
  65  16:56  Marauder  
  65  16:58  Marauder  
  60  17:14  Terran Infantry Weapons Level 1  
  63  17:17  Marauder  
  63  17:19  Marauder  
  63  17:22  Hellbat  
  66  17:25  Drilling Claws  
  65  17:43  Hellbat  
  57  18:04  Hellbat  
  59  18:21  Marine x2  
  59  18:26  Hellbat  
  63  18:39  Marine x2  
  65  18:44  Starport  
  65  18:47  Hellbat, SCV  
  68  18:57  Marine x2  
  68  18:58  Supply Depot  
  68  18:59  SCV  
  71  19:08  Hellbat, Terran Infantry Armor Level 1  
  73  19:11  SCV  
  73  19:13  Terran Vehicle Weapons Level 1  
  73  19:14  Marine  
  73  19:15  Marine  
  76  19:21  Supply Depot  
  76  19:23  SCV  
  77  19:30  Hellbat  
  79  19:35  SCV  
  71  20:03  Liberator x2  
  71  20:08  Marauder x2  
  75  20:17  Cyclone  
  84  20:29  Marauder x2  
  86  20:49  Cyclone  
  84  20:51  Marauder x2  
  87  21:02  Terran Infantry Weapons Level 2  
  58  21:12  Marauder x2  
  57  21:33  Marauder  
  57  21:34  Marauder  
  61  21:52  Marine x2  
  63  21:55  Marauder x2  
  63  22:00  Starport Tech Lab  
  67  22:09  Marine x2, Hellbat  
  67  22:15  Refinery  
  71  22:16  Marauder x2  
  71  22:17  Refinery  
  71  22:19  Refinery  
  71  22:20  Refinery  
  75  22:23  Supply Depot  
  75  22:27  Marine x2, Supply Depot  
  77  22:30  Hellbat  
  79  22:38  Marauder x2  
  83  22:45  Marine x2  
  85  22:52  Hellbat  
  87  22:59  Marauder x2  
  91  23:11  Command Center  
  91  23:13  Hellbat  
  91  23:16  Refinery  
  93  23:20  Marine x2  
  95  23:34  Hellbat  
Show
View Real Time Build Order
Export as new Build Order

A.I. 1 (Medium) Terran - Winner!

Build Orders:  

Get SALT Encoding   

  12  0:00  SCV  
  13  0:13  SCV  
  14  0:19  Supply Depot  
  14  0:25  SCV  
  15  0:40  SCV  
  15  0:42  Barracks  
  16  0:49  Refinery  
  16  0:52  SCV  
  17  1:04  SCV  
  18  1:17  Supply Depot  
  18  1:29  Marine  
  18  1:31  Orbital Command  
  19  1:34  Barracks  
  19  1:43  Refinery  
  19  1:48  Barracks Tech Lab  
  19  2:05  Marine, Factory  
  20  2:23  Marine  
  20  2:26  Marine, Supply Depot  
  22  2:41  Marine  
  23  2:44  Marine  
  23  2:49  SCV  
  25  2:53  Hellion  
  27  3:01  SCV  
  27  3:02  Marine  
  27  3:03  Supply Depot  
  29  3:12  Engineering Bay  
  29  3:13  SCV  
  29  3:15  Hellion  
  32  3:25  SCV  
  33  3:36  Hellion  
  33  3:37  SCV  
  36  3:49  SCV  
  37  5:14  Barracks Tech Lab  
  37  5:15  SCV, Marauder  
  37  5:17  Factory Tech Lab, Factory  
  37  5:19  Supply Depot  
  37  5:21  Missile Turret  
  40  5:22  Missile Turret  
  40  5:25  Sensor Tower  
  40  5:28  Command Center, Armory  
  40  5:32  Barracks  
  40  5:35  Starport  
  40  5:36  Marauder  
  40  5:40  Marauder  
  44  5:45  Supply Depot  
  44  5:54  Bunker  
  44  5:57  Reaper  
  44  6:01  Factory Tech Lab, Reaper  
  43  6:12  Starport Tech Lab  
  43  6:18  Marine  
  34  6:29  Marine  
  34  6:30  Raven  
  37  6:36  Marine  
  37  6:37  Barracks Reactor  
  38  6:40  SCV  
  38  6:43  SCV  
  40  6:47  Marauder  
  40  6:52  SCV, Refinery  
  40  6:53  Missile Turret  
  43  6:55  Marine, SCV  
  43  6:57  Missile Turret  
  45  7:04  SCV  
  45  7:07  SCV  
  47  7:08  Marine  
  47  7:13  Raven  
  47  7:14  Marine  
  51  7:16  SCV  
  51  7:18  Bunker  
  51  7:19  SCV  
  53  7:23  Marine  
  53  7:28  SCV  
  55  7:31  SCV  
  55  7:32  Marine  
  57  7:40  SCV  
  57  7:43  SCV  
  59  7:52  SCV  
  59  7:55  SCV  
  61  8:05  SCV  
  62  8:07  SCV  
  63  8:17  SCV  
  64  8:22  Refinery  
  64  8:44  SCV  
  64  8:47  SCV  
  66  8:56  SCV  
  67  9:23  Marine, Medivac  
  67  9:24  Combat Shields, Stimpack  
  70  9:25  Terran Infantry Weapons Level 1  
  70  9:27  Starport  
  70  9:29  Marine, Supply Depot  
  70  9:30  Command Center  
  71  9:34  Ghost Academy  
  71  9:39  Fusion Core  
  71  9:45  Engineering Bay  
  71  9:49  Armory  
  70  9:53  Raven  
  70  9:57  Marine  
  69  10:03  Marine, Medivac  
  66  10:09  Marine  
  66  10:10  Terran Infantry Armor Level 1  
  67  10:16  Marauder  
  69  10:22  Marauder  
  69  10:27  Marine  
  69  10:33  Starport Reactor, Marine  
  66  10:38  Marine  
  64  10:42  Concussive Shells  
  64  10:43  SCV, Bunker  
  64  10:44  Marine  
  64  10:46  SCV  
  64  10:49  SCV, Refinery  
  66  10:50  Marine, Missile Turret  
  66  10:52  Missile Turret  
  66  10:54  Refinery  
  66  10:55  SCV  
  66  10:56  Marine  
  61  10:58  SCV  
  61  11:01  SCV  
  61  11:02  Marine  
  64  11:07  SCV, Ghost  
  64  11:10  SCV  
  68  11:13  Marine, SCV, Bunker  
  70  11:19  SCV, Marine  
  70  11:22  SCV  
  70  11:25  SCV, Marine  
  75  11:36  Marine  
  76  11:43  Marauder  
  78  11:54  Marauder  
  80  12:04  Marauder  
  82  12:16  Marauder  
  84  13:01  Marine  
  84  13:03  Terran Infantry Weapons Level 2  
  84  13:04  Terran Infantry Armor Level 2  
  84  13:05  Marine, Terran Vehicle Weapons Level 1  
  84  13:06  Terran Ship Weapons Level 1  
  84  13:07  Supply Depot  
  84  13:08  Siege Tank  
  84  13:11  Widow Mine  
  77  13:14  Marine  
  77  13:15  Command Center  
  77  13:17  Marine, Medivac  
  73  13:20  Marine  
  73  13:23  Marine  
  73  13:26  Missile Turret  
  73  13:29  SCV  
  73  13:30  Medivac  
  73  13:31  Supply Depot  
  73  13:32  SCV, Marine  
  76  13:34  Marine  
  76  13:38  Marine  
  76  13:40  Siege Tank  
  76  13:41  SCV, Marine  
  78  13:43  Widow Mine  
  78  13:44  SCV  
  78  13:46  SCV  
  78  13:47  Raven  
  78  13:49  Marine  
  78  13:52  Marine  
  75  13:55  Marine  
  75  13:56  SCV, Supply Depot  
  75  13:58  Marine  
  74  14:07  Marine  
  67  14:10  Marine  
  67  14:13  Marine  
  67  14:16  Marine  
  60  14:25  Marine  
  60  14:28  Marine  
  60  14:30  SCV, Raven  
  58  14:31  Marine  
  58  14:32  Siege Tank, SCV  
  58  14:34  Marine, Widow Mine  
  58  14:35  SCV  
  67  14:40  Refinery  
  67  14:42  Command Center, SCV  
  67  14:43  Marine  
  67  14:44  SCV  
  70  14:46  Marine  
  70  14:47  SCV  
  70  14:49  Marine  
  70  14:52  Marauder  
  75  14:54  SCV  
  75  14:57  SCV  
  75  14:59  Terran Vehicle Weapons Level 2, SCV  
  78  15:01  Marine, Terran Vehicle And Ship Armor Level 1  
  78  15:04  Marine, Widow Mine  
  78  15:06  SCV  
  78  15:07  Marine  
  83  15:09  SCV  
  83  15:12  SCV  
  83  15:13  Raven  
  83  15:14  Marauder  
  90  15:16  Missile Turret  
  90  15:18  Missile Turret, SCV  
  90  15:19  Marine  
  90  15:21  Marine, Terran Infantry Weapons Level 3, Terran Infantry Armor Level 3, SCV  
  92  15:24  Marine, SCV  
  96  15:35  Marauder  
  98  15:36  Marine  
  98  15:39  Marine, Bunker  
  98  15:42  Marine  
  101  15:54  Marine  
  101  15:56  Marauder  
  104  15:57  Marine  
  104  16:01  Marauder  
  107  16:18  Marauder  
  109  16:25  Refinery  
  109  16:39  Raven  
  109  16:40  Hellion  
  109  16:45  Thor, Supply Depot  
  100  16:55  Terran Vehicle And Ship Armor Level 2  
  98  17:02  Hellion  
  100  17:23  Siege Tank  
  100  17:28  Thor  
  105  17:54  Marine  
  105  17:55  Siege Tank  
  91  17:59  Marine  
  91  18:04  Marine  
  91  18:09  Marine  
  92  18:14  Widow Mine  
  92  18:15  Command Center  
  92  18:19  Marine  
  94  18:24  Marine  
  96  18:29  Marine  
  97  18:35  Marine  
  97  18:40  Siege Tank  
  101  18:45  Siege Tank  
  104  19:11  Widow Mine  
  106  19:38  Refinery  
  106  19:43  Missile Turret  
  106  19:48  Missile Turret  
  106  19:49  Refinery  
  106  20:11  Bunker  
  106  20:12  Marine  
  107  20:15  Marine  
  107  20:18  Marine  
  109  20:21  Marine  
  110  20:30  Marine  
  110  20:33  Marine  
  112  20:36  Marine  
  112  20:39  Marine  
  114  20:48  Ghost  
  110  20:51  Marauder  
  110  20:54  Marine  
  106  20:57  Marine  
  91  21:12  Marine x2  
  91  21:15  Marine  
  91  21:17  Marine  
  85  21:30  Marine x2  
  84  21:33  Marine  
  84  21:34  Marine  
  84  21:35  Raven  
  84  21:47  Marine  
  84  21:49  Marauder  
  84  21:51  Marine  
  84  21:53  Marauder  
  90  22:10  Marauder  
  90  22:14  Marauder  
  94  22:18  Raven  
  95  22:30  SCV  
  95  22:31  Marauder  
  95  22:35  Ghost  
  100  23:16  Command Center  
  100  23:31  Siege Tank  
  103  23:36  Siege Tank  
  100  23:50  Marine  
Tags
 
Composition
Bio Mech
Matchup
TvT
Race
Terran
Add a new tag
Caveats
  • Supply blocks, unpowered buildings, or Contaminate may cause inaccurate times.
  • Supply counts are checked every 10 seconds.